 Dungeon Crawl Stone Soup version 0.31.0-32-g396128a36d (webtiles) character file.

Game seed: 5233918753585681182

14 firemarshallily the Covered (level 2, -1/26 HPs)
             Began as an Armataur Fighter on Mar 11, 2024.
             Succumbed to a kobold's poison
             ... on level 1 of the Dungeon.
             The game lasted 00:01:06 (275 turns).

firemarshallily the Covered (Armataur Fighter)       Turns: 275, Time: 00:01:07

Health: -1/26      AC:  7    Str: 21    XL:     2   Next: 27%
Magic:  2/2        EV:  7    Int:  8    God:
Gold:   20         SH:  4    Dex:  9    Spells: 1/1 levels left

rFire   . . .        a - +0 flail
rCold   . . .        c - +0 buckler
rNeg    . . .        b - +0 scale mail
rPois   .            (no helmet)
rElec   .            (no cloak)
rCorr   .            (no gloves)
SInv    .            (no barding)
Will    .....        (no amulet) Stlth
                     g - ring of wizardry
HPRegen 0.24/turn    (no ring)
MPRegen 0.08/turn

%: roll, wizardry (x1)
@: lethally poisoned (-1 -> -25)
A: large, deformed body, tough skin 3, armoured tail, roll 1
a: no special abilities


You were on level 1 of the Dungeon.
You visited 1 branch of the dungeon, and saw 1 of its levels.

You collected 20 gold pieces.

Inventory:

Hand Weapons
 a - a +0 flail (weapon)
Missiles
 i - 6 atropa-tipped darts (quivered)
Armour
 b - a +0 scale mail (worn)
 c - a +0 buckler (worn)
Jewellery
 g - a ring of wizardry (left hand)
Scrolls
 e - a scroll of fear {unknown}
 h - a scroll of fog {unknown}
Potions
 d - a potion of might
 f - a potion of cancellation {unknown}


   Skills:
 * Level 3.0 Fighting
 + Level 2.0 Maces & Flails
 + Level 3.8 Armour
 + Level 3.4 Shields


You had one spell level left.
You didn't know any spells.
Your spell library was empty.

Dungeon Overview and Level Annotations

Branches:
Dungeon (1/15)

Altars:


Innate Abilities, Weirdness & Mutations

Armour fits poorly on your strangely shaped body.
You have extremely tough skin. (AC +3)
You have a long armoured tail.
You regenerate magic when rolling toward enemies. (Rampage MPRegen)


Message History

You kill the ball python!
The goblin closely misses you.
Your Fighting skill increases to level 3!
You thump the goblin!
You kill the goblin!
You miss the frilled lizard.
Your tail-slap misses the frilled lizard.
The frilled lizard barely misses you.
You hit the frilled lizard.
You kill the frilled lizard!
You barely miss the kobold. You tail-slap the kobold.
The kobold is severely wounded.
The kobold hits you but does no damage.
You are poisoned.
You completely miss the kobold.
The kobold is severely wounded.
You feel very sick. The kobold hits you but does no damage.
The kobold barely misses you.
You barely miss the kobold.
Your tail-slap misses the kobold.
The kobold is moderately wounded.
You feel sick. You block the kobold's attack.
You barely miss the kobold.
The kobold is moderately wounded.
You feel sick. The kobold hits you but does no damage.
You are more poisoned.
You hit the kobold but do no damage.
The kobold is moderately wounded.
You feel very sick. The kobold hits you but does no damage.
You are lethally poisoned!
You block the kobold's attack.
You miss the kobold.
The kobold is moderately wounded.
* * * LOW HITPOINT WARNING * * *
You feel extremely sick. The kobold hits you but does no damage.
You are more poisoned.
You closely miss the kobold.
The kobold is moderately wounded.
You die...

###........ ## .......:. ##.
##....... ###.. .......
....≈ .####..... ...≈≈
#........ #.≈≈≈ ........#
#.≈≈≈
........################.≈≈≈
........'.K@†..........#.≈≈≈
........############.....≈≈≈
.(......# #....#≈~~
########$ #.....~≈≈ .
##....≈≈≈ . ##...≈≈≈ ..
#.....#..≈≈≈ #####.#...≈≈
#...#..≈


You could see a kobold.

Vanquished Creatures
  2 ball pythons (D:1)
  An endoplasm (D:1)
  4 goblins (D:1)
  A hobgoblin (D:1)
  A kobold (D:1)
  A frilled lizard (D:1)
  3 rats (D:1)
13 creatures vanquished.

Notes
Turn   | Place    | Note
-------+----------+-------------------------------------------
     0 | D:1      | firemarshallily the Armataur Fighter began the quest for
                  | the Orb.
     0 | D:1      | Reached XP level 1. HP: 18/18 MP: 1/1
   164 | D:1      | Reached XP level 2. HP: 22/25 MP: 2/2
   275 | D:1      | Succumbed to a kobold's poison

Illustrated notes

Levels and vault maps discovered:
D:1:      nzn_arrival_water_spiral, layout_basic

Skill      XL: |  1  2 |
---------------+-------+-----
Maces & Flails | 2 |  2.0
Fighting       | 3 |  3.0
Armour         | |  3.8
Shields        | |  3.4

Action                     || total
---------------------------++-------
  Melee: Flail             ||    34
         Tailslap          ||     2
 Armour: Scale mail        ||    23
  Dodge: Dodged            ||     7
  Block: Buckler           ||     4
